 Dungeon Crawl Stone Soup version 0.31-a0-640-g39d97e502b (webtiles) character file.

Game seed: 16828943691719676855

29464 zenocrate the Black Belt (level 13, -1/84 HPs)
             Began as an Octopode Shapeshifter on Aug 26, 2023.
             Was an Initiate of Gozag.
             Slain by a yak (4 damage)
             ... while petrified by a basilisk
             ... on level 3 of the Lair of Beasts on Aug 28, 2023.
             The game lasted 00:28:15 (16492 turns).

zenocrate the Black Belt (Octopode Shapeshifter)   Turns: 16492, Time: 00:28:16

Health: -1/84      AC:  1    Str: 16    XL:     13   Next: 45%
Magic:  17/17      EV:  2    Int: 19    God:    Gozag
Gold:   992        SH:  0    Dex: 19    Spells: 8/18 levels left

rFire   + .          .
                       - Unarmed
rCold   + + .        (shield currently unavailable)
rNeg    + + +        (helmet restricted)
rPois   ∞            i - amulet of the acrobat
rElec   +            d - ring of protection from fire
rCorr   +            f - +5 ring of evasion
SInv    .            p - +6 ring of dexterity
Will    .....        D - +6 ring of dexterity
Stlth   +++++        k - ring of Qesuwor {rC+ rN+ rCorr Int+3}
HPRegen 0.34/turn    e - ring of the Gastropod {rPois rCorr Int+6 Dex-5}
MPRegen 0.15/turn    Q - ring of Zulud {rElec rC+ rN+++ Dex-4 Stlth+}
                     G - +4 ring of slaying

%: acrobat
@: blade tentacles, petrified, gold aura
A: almost no armour, amphibious, 8 rings, camouflage 1, gelatinous body 1,
(nimble swimmer 1), tentacles, MP-powered wands
a: Begin Untransformation, Renounce Religion, Potion Petition, Call Merchant,
Bribe Branch


You were on level 3 of the Lair of Beasts.
You worshipped Gozag.
Gozag was pleased with you.
You had blades for main tentacles.
You visited 3 branches of the dungeon, and saw 14 of its levels.
You also visited: Ossuary and Bailey.

You collected 4409 gold pieces.
You spent 1751 gold pieces at shops.
You paid 1666 gold pieces to Gozag.

Inventory:

Missiles
 o - 2 throwing nets
 N - 2 javelins
 S - 3 boomerangs
Armour
 u - a +0 hat of intelligence
 J - a +0 kite shield
Jewellery
 b - a ring of fire
 d - a ring of protection from fire (left blade tentacle)
 e - the ring of the Gastropod (on tentacle) {rPois rCorr Int+6 Dex-5}
   (You bought it in a shop on level 1 of the Lair of Beasts)

   [ring of resist corrosion]

   Int+6:     It affects your intelligence (+6).
   Dex-5:     It affects your dexterity (-5).
   rPois:     It protects you from poison rCorr: It protects you from acid and
   corrosion.
 f - a +5 ring of evasion (right blade tentacle)
 i - an amulet of the acrobat (around mantle)
 k - the ring of Qesuwor (on tentacle) {rC+ rN+ rCorr Int+3}
   (You bought it in a shop on level 1 of the Lair of Beasts)

   [ring of resist corrosion]

   Int+3:     It affects your intelligence (+3).
   rC+:       It protects you from cold.
   rN+:       It protects you from negative energy.
   rCorr:     It protects you from acid and corrosion.
 p - a +6 ring of dexterity (on tentacle)
 D - a +6 ring of dexterity (on tentacle)
 E - a ring of protection from cold
 G - a +4 ring of slaying (on tentacle)
 Q - the ring of Zulud (on tentacle) {rElec rC+ rN+++ Dex-4 Stlth+}
   (You acquired it on level 8 of the Dungeon)

   [ring of protection from cold]

   Dex-4:     It affects your dexterity (-4).
   rC+:       It protects you from cold.
   rElec:     It insulates you from electricity.
   rN+++:     It renders you almost immune to negative energy.
   Stlth+:    It makes you more stealthy.
 T - a ring of see invisible
Talismans
 c - a flux talisman
 m - a blade talisman (active)
Wands
 t - a wand of paralysis (6)
 B - a wand of flame (17)
 I - a wand of mindburst (9)
 O - a wand of roots (7)
Scrolls
 a - 4 scrolls of revelation
 g - 3 scrolls of blinking
 n - a scroll of identify
 s - a scroll of summoning
 v - 2 scrolls of enchant armour
 y - 2 scrolls of vulnerability
 z - 4 scrolls of teleportation
 A - a scroll of poison {unknown}
 F - a scroll of immolation {unknown}
 M - 4 scrolls of fog
 P - a scroll of fear
Potions
 h - 2 potions of lignification
 j - 10 potions of curing
 l - 2 potions of magic
 q - a potion of ambrosia
 r - 2 potions of brilliance
 x - 5 potions of attraction
 C - 2 potions of resistance
 K - a potion of heal wounds
 R - a potion of might {unknown}
 U - a potion of haste


   Skills:
 - Level 6.5 Fighting
 - Level 6.5 Dodging
 - Level 4.1 Stealth
 + Level 15.7 Unarmed Combat
 - Level 3.0 Spellcasting
 - Level 1.6 Ice Magic
 - Level 6.7 Evocations
 * Level 10.8 Shapeshifting


You had 8 spell levels left.
You knew the following spells:

 Your Spells              Type           Power      Damage    Failure   Level
a - Ozocubu's Armour      Ice            9%         N/A       22%         3
b - Dispersal             Tloc           1%         N/A       100%        6
m - Apportation           Tloc           4%         N/A       16%         1

Your spell library contained the following spells:

 Spells                   Type           Power      Damage    Failure   Level
 Freeze                   Ice            36%        1d5       8%          1
 Magic Dart               Conj           8%         1d3       16%         1
 Ensorcelled Hibernation  Hex/Ice        12%        N/A       16%         2
 Call Imp                 Summ           4%         N/A       22%         2
 Passwall                 Tmut/Erth      1%         N/A       22%         2
 Wereblood                Tmut           2%         N/A       22%         2
 Frozen Ramparts          Ice            18%        1d3       22%         3
 Hailstorm                Conj/Ice       6%         3d4       32%         3
 Dazzling Flash           Conj/Hex       4%         N/A       41%         3
 Gell's Gravitas          Tloc           2%         N/A       41%         3
 Mephitic Cloud           Conj/Pois/Air  2%         N/A       41%         3
 Swiftness                Air            2%         N/A       41%         3
 Teleport Other           Tloc           2%         N/A       41%         3
 Summon Ice Beast         Ice/Summ       6%         N/A       71%         4
 Metabolic Englaciation   Hex/Ice        3%         N/A       96%         5
 Agony                    Necr           2%         N/A       99%         5
 Alistair's Intoxication  Tmut/Pois      1%         N/A       99%         5
 Irradiate                Conj/Tmut      1%         3d12      99%         5
 Silence                  Hex/Air        1%         N/A       99%         5
 Summon Mana Viper        Hex/Summ       2%         N/A       99%         5
 Haunt                    Necr/Summ      1%         N/A       100%        7
 Monstrous Menagerie      Summ           1%         N/A       100%        7
 Ozocubu's Refrigeration  Ice            4%         4d8       100%        7
 Borgnjor's Revivificati  Necr           1%         N/A       100%        8
 Death's Door             Necr           1%         N/A       100%        9
 Simulacrum               Ice/Necr       Unusable   N/A       N/A         6

Dungeon Overview and Level Annotations

Branches:
Dungeon (10/15)            Temple (1/1) D:4            Lair (3/5) D:10
 Shoals (0/4) Lair:3       Spider (0/4) Lair:3      Ossuary (visited)
 Bailey (visited)
    Orc: D:9-12

Altars:
Ashenzari
Cheibriados
Dithmenos
Elyvilon
Fedhas
Gozag
Hepliaklqana
Kikubaaqudgha
Makhleb
Nemelex Xobeh
Okawaru
Qazlal
Ru
Sif Muna
Trog
Uskayaw
Vehumet
Wu Jian
Xom
Yredelemnul
Zin
The Shining One

Shops:
Lair:1 *=


Innate Abilities, Weirdness & Mutations

You have blades for main tentacles.
You are immune to poison.
You are incapable of wielding weapons or throwing items.
You cannot wear most types of armour.
You are amphibious.
You can wear up to eight rings at the same time.
Your skin changes colour to match your surroundings (Stealth+).
Your rubbery body absorbs attacks. (AC +1, EV +1)
((You are camouflaged when in or above water. (Stealth+)))
You have tentacles for arms and can constrict up to eight enemies at once.
You expend magic power (3 MP) to strengthen your wands.


Message History

You are slowing down.
You feel limber!
You feel magically purged. The basilisk gazes at you.
You are slowing down.
You hit the basilisk. You grab the basilisk. Your squeeze misses the basilisk.
The basilisk is lightly wounded.
You constrict the basilisk. The basilisk bites you!
Your limbs are stiffening.
You hit the basilisk. You squeeze the basilisk!
The basilisk is heavily wounded.
You constrict the basilisk. The basilisk barely misses you. The yak gores you.
You have turned to stone.
You constrict the basilisk. The yak gores you! The basilisk gazes at you.
You easily resist.
The yak barely misses you.
You constrict the basilisk. The yak gores you. The yak gores you!
The basilisk bites you. The yak gores you.
You constrict the basilisk. The yak gores you! The yak barely misses you.
The yak gores you. The basilisk bites you! The yak gores you! x2
The yak gores you but does no damage.
You constrict the basilisk.
You kill the basilisk!
The yak gores you!
* * * LOW HITPOINT WARNING * * *
The yak gores you!
* * * LOW HITPOINT WARNING * * *
The yak gores you.
* * * LOW HITPOINT WARNING * * *
The yak gores you!
* * * LOW HITPOINT WARNING * * *
The yak is distracted by your dazzling golden aura.
The yak gores you!
* * * LOW HITPOINT WARNING * * *
The yak bellows!
The yak is distracted by your dazzling golden aura.
The yak gores you.
* * * LOW HITPOINT WARNING * * *
The yak gores you!
You die...
Your body crumbles into a pile of gold.

#..........##........##
...........#........P#
..................####
.................<#
.................##
.................#
..............####
......YY.....##
.>....Y@Y....#
......Y$Y...##
.............#
.$..........##
.............#
..............#
.............##
..............


You could see 6 yaks.

Vanquished Creatures
  Gastronok (Lair:1)
  Fannar (Lair:1)
  2 hydras (Lair:2)
  3 two-headed ogres
  A catoblepas (Lair:2)
  A skyshark (Lair:3)
  An oklob plant (D:10)
  3 centaur zombies (D:10)
  5 black mambas
  Joseph (D:6)
  Jeremiah (Lair:1)
  4 cane toads
  An unseen horror (D:9)
  2 rime drakes (Lair:3)
  5 komodo dragons
  Psyche (D:8)
  4 blink frogs (Lair:1)
  2 polar bears
  Grinder (D:5)
  A vampire (D:9)
  A wyvern (Lair:2)
  3 spriggans (Bailey)
  30 yaks
  A shadow (D:10)
  2 basilisks
  2 steam dragons
  4 vampire mosquitoes (D:9)
  A redback (Lair:3)
  An acid dragon (D:10)
  10 water moccasins
  4 orc warriors
  3 ice beasts
  2 sky beasts
  7 black bears
  6 ogres
  11 wolves
  5 centaurs
  A phantom (D:7)
  A kobold brigand (D:6)
  6 bullfrogs
  3 necrophages (D:10)
  4 scorpions
  6 gnoll sergeants
  5 water moccasin zombies (Ossuary)
  10 wights
  10 killer bees
  2 howler monkeys
  An electric eel (Lair:2)
  5 jellies
  8 orc priests
  3 gnoll boudas
  5 hounds
  A human zombie (D:10)
  3 iguanas
  2 sleepcaps
  Crazy Yiuf (D:3)
  Natasha (thrice) (D:3)
  Terence (D:2)
  9 orc wizards
  4 mummies
  A howler monkey zombie (D:10)
  8 adders
  13 gnolls
  A white imp (D:6)
  4 ufetubi
  An adder zombie (Ossuary)
  A worm (D:2)
  2 dart slugs
  39 orcs
  6 ball pythons
  2 bats
  6 endoplasms
  5 goblins
  5 hobgoblins
  3 jackals (D:3)
  3 quokkas
  A frilled lizard (D:1)
  2 gnoll zombies (Ossuary)
  4 hobgoblin zombies
  9 kobolds
  6 kobold zombies
  2 orc zombies (Ossuary)
  8 rats
360 creatures vanquished.

Vanquished Creatures (collateral kills)
  3 polar bears (Lair:1)
  2 black bears (Lair:1)
  A wolf (Lair:1)
6 creatures vanquished.

Grand Total: 366 creatures vanquished

Notes
Turn   | Place    | Note
-------+----------+-------------------------------------------
     0 | D:1      | zenocrate the Octopode Shapeshifter began the quest for the
                  | Orb.
     0 | D:1      | Reached XP level 1. HP: 13/13 MP: 1/1
   302 | D:1      | Reached XP level 2. HP: 18/18 MP: 2/2
   758 | D:2      | Noticed Terence
   769 | D:2      | Killed Terence
   770 | D:2      | Reached XP level 3. HP: 17/23 MP: 3/3
   886 | D:2      | Reached XP level 4. HP: 28/28 MP: 4/4
  1102 | D:2      | Identified the +8 hand axe "Xossisip" {elec, rF- rC+ SInv}
  1356 | D:3      | Found a stormy altar of Qazlal.
  1372 | D:3      | Reached skill level 4 in Unarmed Combat
  1443 | D:3      | Found a sparkling altar of Nemelex Xobeh.
  1562 | D:3      | Noticed a scorpion
  1571 | D:3      | Killed a scorpion
  1572 | D:3      | Reached skill level 1 in Evocations
  1572 | D:3      | Reached XP level 5. HP: 27/34 MP: 5/5
  1811 | D:3      | Found a runed translucent door.
  1812 | D:3      | Noticed Crazy Yiuf
  2120 | D:3      | Noticed Natasha
  2124 | D:3      | Killed Natasha
  2191 | D:3      | Found a shimmering blue altar of Sif Muna.
  2192 | D:3      | Found a hide-covered altar of Uskayaw.
  2196 | D:3      | Found a hazy altar of Hepliaklqana.
  2398 | D:3      | Noticed Natasha
  2403 | D:3      | Killed Natasha
  2480 | D:3      | Noticed Natasha
  2490 | D:3      | Killed Natasha
  2491 | D:3      | Reached XP level 6. HP: 30/41 MP: 6/6
  2493 | D:3      | Killed Crazy Yiuf
  2930 | D:4      | Found a staircase to the Ecumenical Temple.
  2944 | Temple   | Entered the Ecumenical Temple
  2951 | Temple   | Became a worshipper of Gozag Ym Sagoz the Greedy
  3037 | D:4      | Gained mutation: You expend magic power (3 MP) to
                  | strengthen your wands. [potion of mutation]
  3215 | D:4      | Found a sacrificial altar of Ru.
  3494 | D:4      | Learned a level 3 spell: Ozocubu's Armour
  3532 | D:4      | Reached skill level 5 in Unarmed Combat
  3555 | D:5      | Entered Level 5 of the Dungeon
  3585 | D:5      | Noticed a water moccasin
  3596 | D:5      | Killed a water moccasin
  3597 | D:5      | Reached XP level 7. HP: 46/46 MP: 7/7
  3672 | D:5      | Found a sand-covered staircase.
  3681 | Ossuary  | Entered an ossuary
  3955 | Ossuary  | Reached skill level 6 in Unarmed Combat
  3955 | Ossuary  | Reached XP level 8. HP: 51/52 MP: 8/8
  4085 | D:5      | Identified the +4 leather armour of Wiruxzuf {rF+ Regen+}
  4088 | D:5      | You fall into a shaft and drop 1 floor!
  4118 | D:6      | Reached skill level 5 in Dodging
  4118 | D:6      | Reached skill level 5 in Evocations
  4418 | D:6      | Noticed a two-headed ogre
  4440 | D:6      | Killed a two-headed ogre
  4441 | D:6      | Reached skill level 7 in Unarmed Combat
  4441 | D:6      | Reached XP level 9. HP: 19/56 MP: 3/9
  4723 | D:5      | Noticed Grinder
  4732 | D:5      | Killed Grinder
  4739 | D:5      | Found an iron altar of Okawaru.
  4868 | D:5      | Reached skill level 8 in Unarmed Combat
  6014 | D:6      | Reached skill level 9 in Unarmed Combat
  6239 | D:7      | Noticed Joseph
  6308 | D:6      | HP: 2/56 [Joseph/+0 quarterstaff (17)]
  6310 | D:6      | Killed Joseph
  6311 | D:6      | Reached skill level 5 in Shapeshifting
  6311 | D:6      | Reached XP level 10. HP: 32/63 MP: 10/10
  6425 | D:6      | Upgraded the game from 0.31-a0-632-g766dd24fdf to
                  | 0.31-a0-640-g39d97e502b
  6436 | D:6      | Reached skill level 10 in Unarmed Combat
  6566 | D:7      | Reached skill level 1 in Ice Magic
  6685 | D:7      | Learned a level 6 spell: Dispersal
  7156 | D:8      | Noticed a two-headed ogre
  7165 | D:8      | Killed a two-headed ogre
  7401 | D:8      | Found a flagged portal.
  7404 | D:8      | Noticed Psyche
  7409 | D:8      | Identified the +6 quarterstaff of Conflict {holy, rElec
                  | Will+++ rCorr Str+3}
  7416 | D:8      | Killed Psyche
  7449 | D:8      | Reached skill level 11 in Unarmed Combat
  7489 | Bailey   | Entered a bailey
  7608 | Bailey   | Noticed a two-headed ogre
  7615 | Bailey   | Killed a two-headed ogre
  7697 | Bailey   | Reached XP level 11. HP: 63/67 MP: 11/11
  7699 | Bailey   | Learned a level 1 spell: Apportation
  7739 | Bailey   | Reached skill level 12 in Unarmed Combat
  8016 | D:8      | Identified 3 scrolls of acquirement
  8016 | D:8      | Acquired 947 gold pieces
  8018 | D:8      | Acquired the ring of Zulud {rElec rC+ rN+++ Dex-4 Stlth+}
  8033 | D:8      | Acquired a +4 ring of slaying
  8625 | D:9      | Reached skill level 1 in Spellcasting
  9803 | D:10     | Entered Level 10 of the Dungeon
 10182 | D:10     | Reached skill level 13 in Unarmed Combat
 10407 | D:10     | Noticed an oklob plant
 10408 | D:10     | Found a staircase to the Lair.
 10417 | D:10     | Killed an oklob plant
 11067 | D:10     | Found an ancient bone altar of Kikubaaqudgha.
 11223 | D:10     | Reached XP level 12. HP: 42/72 MP: 16/16
 11415 | Lair:1   | Entered Level 1 of the Lair of Beasts
 11485 | Lair:1   | Reached skill level 14 in Unarmed Combat
 12011 | Lair:1   | Bought an encrusted marble ring for 140 gold pieces
 12011 | Lair:1   | Bought a wand of paralysis (2) for 134 gold pieces
 12018 | Lair:1   | Bought the ring of the Gastropod {rPois rCorr Int+6 Dex-5}
                  | for 632 gold pieces
 12018 | Lair:1   | Bought the ring of Qesuwor {rC+ rN+ rCorr Int+3} for 845
                  | gold pieces
 12052 | Lair:1   | Noticed Gastronok
 12211 | Lair:1   | Noticed Jeremiah
 12233 | Lair:1   | Killed Gastronok
 12704 | Lair:1   | Killed Jeremiah
 13053 | Lair:1   | Reached skill level 5 in Fighting
 13282 | Lair:1   | Noticed Fannar
 13298 | Lair:1   | Killed Fannar
 13440 | Lair:1   | Reached skill level 15 in Unarmed Combat
 14151 | Lair:2   | Noticed a six-headed hydra
 14167 | Lair:2   | Killed a six-headed hydra
 14172 | Lair:2   | Noticed a catoblepas
 14199 | Lair:2   | Killed a catoblepas
 14200 | Lair:2   | Reached XP level 13. HP: 34/84 MP: 7/17
 14541 | Lair:2   | Reached skill level 1 in Stealth
 14705 | Lair:2   | Reached skill level 10 in Shapeshifting
 15873 | Lair:3   | Found a hole to the Spider Nest.
 16386 | Lair:3   | Found a staircase to the Shoals.
 16492 | Lair:3   | HP: 3/84 [yak (3)]
 16492 | Lair:3   | Slain by a yak

Illustrated notes

Levels and vault maps discovered:
D:1:      doesnt_arrival_eight_statues, layout_basic, minmay_box_of_dots
D:2:      layout_loops_ring, solitary_fountain, uniq_terence
D:3:      kennysheep_six_static_rooms, layout_basic,
          nemelex_diamond_rough_becter, mainiacjoe_overflow_small_starburst,
          minitemple, uniq_crazy_yiuf_cottage, uniq_natasha
D:4:      layout_loops_ring, kennysheep_mini_moat, temple_pool_b
D:5:      layout_loops_ring, kennysheep_okawaru_gauntlet,
          nicolae_ossuary_entry_giza, minmay_fractal_squares_diagonal_5,
          uniq_grinder
D:6:      layout_loops_ring, pf_guarded_unrand_woodcutter
D:7:      layout_rooms, minmay_misc_feat_square, dreamdust_princess_corridor,
          hangedman_abyss_or_decor_stagger, minmay_misc_feat_plants, uniq_joseph
D:8:      layout_basic, enter_bailey_2, interstate_on_off, uniq_psyche
D:9:      layout_gridville
D:10:     layout_cave_pools, lemuel_mausoleum_altar_kikubaaqudgha,
          dpeg_oklobed_lair, lightli_orcish_oven
Temple:   eino_narrow_crystal_temple
Lair:1:   beast_lair_carwin_large_3, layout_regular_city, uniq_gastronok,
          uniq_jeremiah, uniq_fannar
Lair:2:   layout_gridlike, grunt_megastairs_2, serial_bayou_shore_a,
          lemuel_fruit_tree
Lair:3:   layout_hall_layers, minmay_shoals_entry_centaurs,
          spider_nest_entry_rubble

Skill      XL: |  1  2  3  4  5  6  7  8  9 10 11 12 13 |
---------------+----------------------------------------+-----
Dodging        | 3 4 6 |  6.5
Unarmed Combat | 4 5 6 7 9 11 13 15 | 15.7
Fighting       | 2 3 6 |  6.5
Evocations     | 1 2 3 4 6 |  6.7
Shapeshifting  | 5 6 8 9 10 | 10.8
Ice Magic      | 1 |  1.6
Spellcasting   | 3 |  3.0
Stealth        | 4 |  4.1

Action                     |  1- 3 |  4- 6 |  7- 9 | 10-12 | 13-15 || total
---------------------------+-------+-------+-------+-------+-------++-------
  Melee: Unarmed           |    36 |    94 |   223 |   507 |   112 ||   972
         Constrict         |    12 |    28 |    54 |    94 |    15 ||   203
         Tentacles         |    10 |    30 |    63 |   132 |    36 ||   271
         Punch             |       |     7 |    11 |     9 |     4 ||    31
  Throw: Dart              |       |       |     3 |     2 |       ||     5
 Invoke: Call Merchant     |       |       |       |     2 |       ||     2
  Evoke: Wand              |       |       |     2 |    12 |       ||    14
    Use: Scroll            |       |    10 |     2 |    15 |     1 ||    28
         Potion            |       |     2 |     2 |    15 |     1 ||    20
   Stab: Sleeping          |     4 |    10 |    12 |     9 |     1 ||    36
         Paralysed         |       |       |     7 |       |       ||     7
         Distracted        |       |       |     1 |     6 |       ||     7
 Armour: Skin              |     1 |     5 |     9 |    92 |     3 ||   110
  Dodge: Dodged            |    26 |    47 |   185 |   396 |   118 ||   772
   Form: Flux              |       |       |       |     1 |       ||     1
         Blade             |       |       |       |       |     1 ||     1

Table legend: (Time is in decaauts)
 A = Elapsed time spent in this place.
 B = Non-inter-level travel time spent in this place.
 C = Inter-level travel time spent in this place.
 D = Time resting spent in this place.
 E = Time spent auto-exploring this place.
 F = Levels seen in this place.
 G = Mean time per level.
                   A        B        C        D        E       F      G
               +--------+--------+--------+--------+--------+-----+--------+
         Total |  16320 |  15830 |    490 |    553 |  12689 |  16 | 1020.0 |
       Dungeon |  11051 |  10696 |    355 |    337 |   8678 |  10 | 1105.1 |
        Temple |     13 |     13 |      0 |      0 |      0 |   1 |   13.0 |
          Lair |   4465 |   4330 |    135 |    194 |   3413 |   3 | 1488.3 |
       Ossuary |    353 |    353 |      0 |      0 |    257 |   1 |  353.0 |
        Bailey |    435 |    435 |      0 |     22 |    341 |   1 |  435.0 |
               +--------+--------+--------+--------+--------+-----+--------+

Top non-repeatable levels by time:
  Lair:1: 2340 daAuts
    D:10: 1814 daAuts
     D:9: 1682 daAuts
     D:6: 1510 daAuts
  Lair:2: 1328 daAuts
     D:3: 1320 daAuts
     D:5: 1017 daAuts
     D:8: 946 daAuts
     D:4: 871 daAuts
  Lair:3: 797 daAuts
     D:1: 755 daAuts
     D:2: 590 daAuts
     D:7: 542 daAuts
  Bailey: 435 daAuts
 Ossuary: 353 daAuts
